[ AOE2 MATCH · #505895161 ]
UnrankedWei vs Khmer
Player's team · WIN
Rival team · LOSS
[ REPLAY ANALYSIS · EXTRACTED FROM THE RECORDED GAME ]
Feudal
9:21
Castle
29:02
Imperial
—
| APM avg | 76.2 |
| APM peak | 140 |
| eAPM avg | 32.1 |
| Villagers / military | 88 / 56 |
Focus
⚔️ 31.6% · 🌾 68.4%
Unknown (1952) ×58 · Scout Cavalry ×43 · Battering Ram ×12 · Unknown (1949) ×3 · Militia ×1
Feudal
10:40
Castle
13:49
Imperial
—
| APM avg | 46.3 |
| APM peak | 102 |
| eAPM avg | 24.6 |
| Villagers / military | 129 / 78 |
Focus
⚔️ 22.3% · 🌾 77.7%
Knight ×51 · Spearman ×27
Match map
Initial resources + every placement click. Lines = walls · curves = elevation contours. ◆ gold · ⬟ stone · ● berries · ✦ relic · ◌ wall gap
Your base· ✓ Closed at 29:02 · 14t walls · 1 gate(s)
Monchito's base· Open — unwalled flank
Smoothed initial terrain · ◌ = detected wall gap · hover for details
Inputs per minute
— Wonderphil - - Monchito
Build order — Wonderphil
First 150 of 319 actions detected
| 0:01 | Queue | Villager (Male) |
| 0:01 | Queue | Villager (Male) |
| 0:01 | Queue | Villager (Male) |
| 0:01 | Queue | Villager (Male) |
| 0:03 | Build | House |
| 0:04 | Build | House |
| 1:32 | Queue | Villager (Male) |
| 1:54 | Queue | Villager (Male) |
| 1:55 | Queue | Villager (Male) |
| 2:00 | Build | House |
| 2:25 | Queue | Villager (Male) |
| 2:41 | Queue | Villager (Male) |
| 2:53 | Build | Lumber Camp |
| 3:12 | Queue | Villager (Male) |
| 3:12 | Queue | Villager (Male) |
| 3:37 | Queue | Villager (Male) |
| 3:37 | Queue | Villager (Male) |
| 4:00 | Build | House |
| 4:11 | Build | House |
| 4:15 | Queue | Villager (Male) |
| 4:15 | Queue | Villager (Male) |
| 4:31 | Queue | Villager (Male) |
| 4:51 | Build | Mill |
| 4:57 | Queue | Villager (Male) |
| 5:44 | Queue | Villager (Male) |
| 5:45 | Queue | Villager (Male) |
| 5:48 | Research | Loom |
| 7:10 | Research | Feudal Age |
| 7:51 | Build | Barracks |
| 8:21 | Build | House |
| 8:34 | Build | House |
| 8:55 | Queue | Villager (Male) |
| 8:55 | Queue | Villager (Male) |
| 9:21 | Age | Feudal Age |
| 9:23 | Build | Stable |
| 9:29 | Research | Double-Bit Axe |
| 9:29 | Research | Double-Bit Axe |
| 9:47 | Queue | Villager (Male) |
| 9:53 | Research | Horse Collar |
| 10:03 | Queue | Villager (Male) |
| 10:06 | Queue | Scout Cavalry |
| 10:06 | Queue | Scout Cavalry |
| 10:17 | Build | House |
| 10:23 | Build | Farm |
| 10:32 | Build | House |
| 10:38 | Queue | Scout Cavalry |
| 10:53 | Queue | Scout Cavalry |
| 11:13 | Queue | Villager (Male) |
| 11:17 | Build | Farm |
| 11:18 | Build | Farm |
| 11:20 | Build | Farm |
| 11:21 | Build | Farm |
| 11:21 | Build | Farm |
| 11:21 | Build | Farm |
| 11:42 | Queue | Villager (Male) |
| 12:08 | Build | Watch Tower |
| 12:10 | Queue | Villager (Male) |
| 12:22 | Build | Farm |
| 12:23 | Build | Farm |
| 12:31 | Build | Farm |
| 12:35 | Build | Farm |
| 12:38 | Queue | Villager (Male) |
| 13:02 | Queue | Villager (Male) |
| 13:08 | Queue | Villager (Male) |
| 13:28 | Queue | Scout Cavalry |
| 13:32 | Queue | Villager (Male) |
| 13:34 | Build | House |
| 13:37 | Build | House |
| 13:38 | Build | Palisade Wall |
| 13:44 | Queue | Villager (Male) |
| 13:58 | Queue | Villager (Male) |
| 14:04 | Build | House |
| 14:07 | Build | Farm |
| 14:07 | Build | Farm |
| 14:14 | Queue | Villager (Male) |
| 14:17 | Build | House |
| 14:19 | Build | Palisade Wall |
| 14:27 | Queue | Villager (Male) |
| 14:35 | Queue | Scout Cavalry |
| 14:55 | Queue | Scout Cavalry |
| 15:03 | Queue | Villager (Male) |
| 15:07 | Build | Farm |
| 15:09 | Build | Mining Camp |
| 15:11 | Queue | Villager (Male) |
| 15:16 | Build | Farm |
| 15:16 | Build | Farm |
| 15:21 | Build | Blacksmith |
| 15:28 | Build | House |
| 15:38 | Queue | Scout Cavalry |
| 15:48 | Queue | Villager (Male) |
| 15:49 | Queue | Scout Cavalry |
| 16:15 | Queue | Scout Cavalry |
| 16:26 | Queue | Scout Cavalry |
| 16:30 | Queue | Scout Cavalry |
| 16:33 | Queue | Scout Cavalry |
| 16:42 | Queue | Scout Cavalry |
| 16:45 | Queue | Villager (Male) |
| 16:51 | Build | Stable |
| 16:53 | Queue | Villager (Male) |
| 16:55 | Build | Farm |
| 16:55 | Build | Farm |
| 17:05 | Research | Scale Barding Armor |
| 17:05 | Research | Scale Barding Armor |
| 17:11 | Queue | Villager (Male) |
| 17:21 | Queue | Scout Cavalry |
| 17:32 | Queue | Villager (Male) |
| 17:41 | Queue | Villager (Male) |
| 17:48 | Research | Bloodlines |
| 17:51 | Queue | Militia |
| 17:55 | Queue | Scout Cavalry |
| 17:59 | Build | Palisade Gate |
| 18:02 | Build | House |
| 18:02 | Build | House |
| 18:09 | Queue | Villager (Male) |
| 18:25 | Queue | Scout Cavalry |
| 18:28 | Queue | Villager (Male) |
| 18:34 | Build | Mill |
| 18:34 | Build | Farm |
| 18:35 | Build | Farm |
| 18:35 | Build | Farm |
| 18:35 | Build | Farm |
| 18:35 | Build | Farm |
| 18:45 | Queue | Villager (Male) |
| 18:51 | Research | Forging |
| 18:51 | Research | Forging |
| 19:08 | Build | Mining Camp |
| 19:16 | Queue | Villager (Male) |
| 19:16 | Queue | Scout Cavalry |
| 19:32 | Queue | Scout Cavalry |
| 19:43 | Queue | Villager (Male) |
| 19:47 | Build | Farm |
| 19:52 | Queue | Villager (Male) |
| 20:09 | Queue | Scout Cavalry |
| 20:18 | Queue | Villager (Male) |
| 20:28 | Queue | Scout Cavalry |
| 20:35 | Queue | Scout Cavalry |
| 20:41 | Build | Farm |
| 20:41 | Build | Farm |
| 20:41 | Build | Farm |
| 20:41 | Build | Farm |
| 20:42 | Build | Farm |
| 20:48 | Build | Farm |
| 20:50 | Build | Farm |
| 20:51 | Queue | Scout Cavalry |
| 20:52 | Queue | Villager (Male) |
| 21:07 | Queue | Scout Cavalry |
| 21:26 | Build | Watch Tower |
| 21:29 | Queue | Villager (Male) |
| 21:29 | Queue | Villager (Male) |
| 21:34 | Queue | Scout Cavalry |
Build order — Monchito
First 150 of 339 actions detected
| 0:01 | Queue | Villager (Male) |
| 0:01 | Queue | Villager (Male) |
| 0:01 | Queue | Villager (Male) |
| 0:01 | Queue | Villager (Male) |
| 0:02 | Queue | Villager (Male) |
| 0:03 | Build | House |
| 0:04 | Build | House |
| 1:37 | Queue | Villager (Male) |
| 1:37 | Queue | Villager (Male) |
| 2:00 | Queue | Villager (Male) |
| 2:27 | Queue | Villager (Male) |
| 2:27 | Queue | Villager (Male) |
| 2:27 | Queue | Villager (Male) |
| 2:47 | Queue | Villager (Male) |
| 2:48 | Queue | Villager (Male) |
| 2:51 | Build | Lumber Camp |
| 3:08 | Queue | Villager (Male) |
| 3:09 | Queue | Villager (Male) |
| 3:17 | Build | House |
| 3:31 | Queue | Villager (Male) |
| 3:31 | Queue | Villager (Male) |
| 4:08 | Build | House |
| 4:13 | Build | House |
| 4:20 | Queue | Villager (Male) |
| 4:20 | Queue | Villager (Male) |
| 4:42 | Queue | Villager (Male) |
| 4:42 | Queue | Villager (Male) |
| 4:53 | Build | Mill |
| 4:58 | Queue | Villager (Male) |
| 4:58 | Queue | Villager (Male) |
| 5:44 | Queue | Villager (Male) |
| 5:44 | Queue | Villager (Male) |
| 5:45 | Queue | Villager (Male) |
| 5:50 | Build | Mining Camp |
| 6:18 | Queue | Villager (Male) |
| 6:26 | Queue | Villager (Male) |
| 6:26 | Queue | Villager (Male) |
| 7:13 | Queue | Villager (Male) |
| 7:13 | Queue | Villager (Male) |
| 8:30 | Research | Feudal Age |
| 9:13 | Build | House |
| 9:14 | Build | Palisade Wall |
| 10:30 | Build | Palisade Wall |
| 10:31 | Build | Palisade Wall |
| 10:38 | Build | Palisade Wall |
| 10:40 | Age | Feudal Age |
| 10:43 | Build | Palisade Wall |
| 10:44 | Research | Loom |
| 10:49 | Research | Castle Age |
| 11:49 | Research | Horse Collar |
| 12:02 | Build | Palisade Wall |
| 12:06 | Research | Double-Bit Axe |
| 12:43 | Build | Stable |
| 13:13 | Build | Farm |
| 13:13 | Build | Farm |
| 13:14 | Build | Farm |
| 13:14 | Build | Farm |
| 13:14 | Build | Farm |
| 13:38 | Build | Farm |
| 13:40 | Build | Farm |
| 13:41 | Build | Farm |
| 13:49 | Age | Castle Age |
| 13:49 | Queue | Villager (Male) |
| 14:00 | Queue | Villager (Male) |
| 14:05 | Build | Farm |
| 14:09 | Build | Farm |
| 14:10 | Queue | Villager (Male) |
| 14:12 | Queue | Knight |
| 14:25 | Build | Farm |
| 14:26 | Queue | Villager (Male) |
| 14:46 | Queue | Villager (Male) |
| 14:46 | Queue | Villager (Male) |
| 14:46 | Queue | Villager (Male) |
| 15:11 | Build | Town Center |
| 15:15 | Queue | Villager (Male) |
| 15:15 | Queue | Villager (Male) |
| 15:21 | Build | Palisade Wall |
| 15:39 | Queue | Knight |
| 15:50 | Queue | Villager (Male) |
| 16:07 | Queue | Villager (Male) |
| 16:07 | Queue | Villager (Male) |
| 16:08 | Queue | Villager (Male) |
| 16:25 | Queue | Knight |
| 16:51 | Queue | Villager (Male) |
| 16:51 | Queue | Villager (Male) |
| 16:51 | Queue | Villager (Male) |
| 16:55 | Build | Farm |
| 16:55 | Build | Farm |
| 16:56 | Build | Farm |
| 16:56 | Build | Farm |
| 16:56 | Build | Farm |
| 16:56 | Build | Farm |
| 17:08 | Build | House |
| 17:13 | Queue | Villager (Male) |
| 17:13 | Queue | Villager (Male) |
| 17:14 | Queue | Villager (Male) |
| 17:21 | Build | Farm |
| 17:33 | Queue | Villager (Male) |
| 17:34 | Queue | Villager (Male) |
| 17:34 | Queue | Villager (Male) |
| 17:43 | Build | Farm |
| 17:45 | Build | Farm |
| 17:48 | Build | Farm |
| 17:59 | Queue | Knight |
| 18:02 | Build | House |
| 18:04 | Build | House |
| 18:07 | Queue | Villager (Male) |
| 18:07 | Queue | Villager (Male) |
| 18:08 | Queue | Villager (Male) |
| 18:08 | Queue | Villager (Male) |
| 18:30 | Build | Farm |
| 18:34 | Build | Farm |
| 18:37 | Queue | Villager (Male) |
| 18:38 | Queue | Villager (Male) |
| 18:38 | Queue | Villager (Male) |
| 18:38 | Queue | Villager (Male) |
| 18:45 | Build | House |
| 19:04 | Queue | Villager (Male) |
| 19:04 | Queue | Villager (Male) |
| 19:04 | Queue | Villager (Male) |
| 19:08 | Build | House |
| 19:10 | Build | House |
| 19:14 | Queue | Villager (Male) |
| 19:14 | Queue | Villager (Male) |
| 19:14 | Queue | Villager (Male) |
| 19:15 | Queue | Villager (Male) |
| 19:27 | Queue | Villager (Male) |
| 19:27 | Queue | Villager (Male) |
| 19:27 | Queue | Villager (Male) |
| 19:38 | Queue | Knight |
| 19:42 | Build | Mining Camp |
| 19:53 | Research | Heavy Plow |
| 20:00 | Build | House |
| 20:21 | Research | Town Watch |
| 20:37 | Research | Husbandry |
| 20:57 | Build | Blacksmith |
| 21:00 | Queue | Villager (Male) |
| 21:00 | Queue | Villager (Male) |
| 21:00 | Queue | Villager (Male) |
| 21:00 | Queue | Villager (Male) |
| 21:21 | Queue | Knight |
| 21:21 | Queue | Knight |
| 22:25 | Build | Barracks |
| 22:26 | Build | Barracks |
| 22:42 | Research | Scale Barding Armor |
| 22:50 | Research | Wheelbarrow |
| 23:10 | Queue | Spearman |
| 23:10 | Queue | Spearman |
| 23:11 | Queue | Spearman |
| 23:11 | Queue | Spearman |
Match timeline
| 7:51 | Wonderphil · first_building Barracks |
| 9:14 | Monchito · wall_segment Palisade Wall x1 |
| 9:21 | Wonderphil · age_up feudal |
| 9:23 | Wonderphil · first_building Stable |
| 10:30 | Monchito · wall_segment Palisade Wall x5 |
| 10:31 | Monchito · wall_segment Palisade Wall x1 |
| 10:38 | Monchito · wall_segment Palisade Wall x4 |
| 10:40 | Monchito · age_up feudal |
| 10:43 | Monchito · wall_segment Palisade Wall x4 |
| 12:02 | Monchito · wall_segment Palisade Wall x1 |
| 12:43 | Monchito · first_building Stable |
| 13:38 | Wonderphil · wall_segment Palisade Wall x6 |
| 13:49 | Monchito · age_up castle |
| 14:19 | Wonderphil · wall_segment Palisade Wall x8 |
| 15:21 | Monchito · wall_segment Palisade Wall x1 |
| 22:25 | Monchito · first_building Barracks |
| 27:01 | Monchito · first_building Castle |
| 28:10 | Wonderphil · first_building Archery Range |
| 28:25 | Wonderphil · first_market_buy 100 wood |
| 29:02 | Wonderphil · age_up castle |
| 29:13 | Monchito · wall_segment Palisade Wall x1 |
| 30:56 | Wonderphil · first_building Siege Workshop |
| 34:38 | Wonderphil · first_building Castle |
| 36:56 | Monchito · first_market_sell 100 wood |
| 37:10 | Wonderphil · first_market_sell 100 food |
| 38:09 | Monchito · resign |
[ AI ANALYSIS · 1 CREDIT ]
What really happened in this match?
Wolo.gg analyzes every decision: build order, eco, micro, common mistakes by bracket. Personalized analysis on WhatsApp or Discord in 30 seconds.
Civ guide
Wei
Perfil
Jugador #1307404